[Event "Reykjavik Open 2022"]
[Site "Reykjavik"]
[Date "2022.04.07"]
[Round "2.6"]
[White "Praggnanandhaa R"]
[Black "Brunello, Marina"]
[Result "1/2-1/2"]
[ECO "D12"]
[WhiteElo "2612"]
[BlackElo "2352"]
[Annotator "TA"]
[PlyCount "124"]
[EventDate "2022.04.06"]
[EventCountry "ISL"]
[SourceTitle "playchess.com"]
[Source "ChessBase"]
[SourceQuality "1"]
[TimeControl "40/5400+30:1800+30"]

1. d4 d5 2. c4 c6 3. Nf3 Nf6 4. e3 Bf5 5. Nc3 e6 6. Nh4 Be4 7. f3 Bg6 8. Qb3 Qc7 9. Bd2 Be7 10. O-O-O dxc4 11. Qxc4 a6 12. Nxg6 hxg6 13. Qb3 c5 14. d5 exd5 15. Nxd5 Nxd5 16. Qxd5 Nc6 17. h4 Nb4 18. Qe4 O-O-O 19. a3 Nc6 20. Be2 Kb8 21. Kb1 Bf6 22. Bc1 Rxd1 23. Bxd1 Ne7 24. Bb3 Nf5 25. Rd1 Nd6 26. Qf4 Rd8 27. Bc2 Ka7 28. g4 Qe7 29. g5 Be5 30. Qg4 Nb5 31. Rxd8 Qxd8 32. Qc4 Qb6 33. Ka2 Nd6 34. Qd5 Bg3 35. e4 c4 36. e5 Nb5 37. a4 Nc7 38. Qxf7 c3 39. Qxg6 $2 ({And not} 39. Qxg7 {[#]} Bf4 $1 $15) (39. f4 $18) 39... Qg1 $11 40. Qd6 Qxc1 41. Qd4+ $1 Kb8 42. Qd8+ Ka7 43. Qd4+ b6 44. Qxc3 Nd5 45. Qd4 Qxc2 46. Qxd5 Qf5 47. a5 Qxe5 48. Qd7+ Qc7 49. axb6+ Kxb6 50. Qd4+ Kb5 51. Qd5+ Kb4 52. Qb3+ Kc5 53. h5 Qa5+ 54. Kb1 Qe1+ 55. Ka2 Qa5+ 56. Kb1 Kd4 57. h6 gxh6 58. gxh6 Be5 59. h7 Qe1+ 60. Ka2 Qa5+ 61. Kb1 Qe1+ 62. Ka2 Qa5+ 1/2-1/2

[Event "Reykjavik Open 2022"]
[Site "Reykjavik"]
[Date "2022.04.07"]
[Round "2.7"]
[White "Heimisson, Hilmir Freyr"]
[Black "Gupta, Abhijeet"]
[Result "0-1"]
[ECO "D79"]
[WhiteElo "2312"]
[BlackElo "2628"]
[Annotator "RC"]
[PlyCount "84"]
[EventDate "2022.04.06"]
[EventCountry "ISL"]
[SourceTitle "playchess.com"]
[Source "ChessBase"]
[SourceQuality "1"]
[TimeControl "40/5400+30:1800+30"]

1. d4 Nf6 2. c4 g6 3. Nf3 Bg7 4. g3 O-O 5. Bg2 c6 6. Nc3 d5 7. cxd5 cxd5 8. Ne5 e6 9. O-O Nfd7 10. Nf3 Nc6 11. Bf4 Qb6 12. Na4 Qa6 13. Rc1 b5 14. Nc3 Nb6 15. Re1 b4 16. Nb1 Bd7 17. e3 Qxa2 18. Nbd2 Qxb2 19. Nb3 Na4 20. Qd3 e5 21. dxe5 Nc3 22. Nbd4 Nxd4 23. Nxd4 a5 24. Rc2 Qa3 25. e4 dxe4 26. Bxe4 Rac8 27. Bc1 Qa4 28. Rd2 Nxe4 29. Qxe4 Bc6 30. Qh4 Ba8 31. Bb2 Qd7 32. Rde2 Qd5 33. f3 Rc4 34. Re4 Qd8 35. Qg4 Bxe4 36. Rxe4 a4 37. e6 f5 38. Nxf5 Qd1+ 39. Kg2 Rc2+ 40. Kh3 Qf1+ 41. Kh4 Rxh2+ 42. Kg5 Rh5+ 0-1

[Event "Reykjavik Open 2022"]
[Site "Reykjavik"]
[Date "2022.04.07"]
[Round "2.8"]
[White "Warmerdam, Max"]
[Black "Sarkar, Justin"]
[Result "1-0"]
[ECO "A97"]
[WhiteElo "2607"]
[BlackElo "2314"]
[Annotator "RC"]
[PlyCount "73"]
[EventDate "2022.04.06"]
[EventCountry "ISL"]
[SourceTitle "playchess.com"]
[Source "ChessBase"]
[SourceQuality "1"]
[TimeControl "40/5400+30:1800+30"]

1. c4 f5 2. d4 Nf6 3. g3 e6 4. Nf3 Be7 5. Bg2 O-O 6. O-O d6 7. Nc3 Qe8 8. b4 Nc6 9. a3 Ne4 10. Bb2 Nxc3 11. Bxc3 Bf6 12. Rc1 e5 13. b5 Nd8 14. e3 e4 15. Nd2 h5 16. f3 exf3 17. Qxf3 h4 18. Rce1 Ne6 19. e4 Nxd4 20. Qd3 Qe5 21. Nb3 Ne2+ 22. Qxe2 Qxc3 23. exf5 Bd7 24. Bd5+ Rf7 25. Rf3 Qe5 26. Qxe5 Bxe5 27. Bxb7 Raf8 28. Bd5 hxg3 29. hxg3 Kh7 30. Bxf7 Rxf7 31. g4 Kh6 32. Re4 Kg5 33. Nc5 Bc8 34. Ne6+ Bxe6 35. fxe6 Re7 36. Rf7 Rxe6 37. Kg2 1-0

[Event "Reykjavik Open 2022"]
[Site "Reykjavik"]
[Date "2022.04.07"]
[Round "2.9"]
[White "Fier, Alexandr"]
[Black "Bjornsson, Sigurbjorn"]
[Result "1-0"]
[ECO "B31"]
[WhiteElo "2583"]
[BlackElo "2315"]
[Annotator "RC"]
[PlyCount "51"]
[EventDate "2022.04.06"]
[EventCountry "ISL"]
[SourceTitle "playchess.com"]
[Source "ChessBase"]
[SourceQuality "1"]
[TimeControl "40/5400+30:1800+30"]

1. e4 c5 2. Nf3 Nc6 3. Bb5 g6 4. O-O Bg7 5. c3 Qb6 6. Na3 a6 7. Ba4 Nf6 8. e5 Ng4 9. d4 cxd4 10. cxd4 O-O 11. h3 Nh6 12. d5 Nb4 13. Be3 Qa5 14. Bb3 d6 15. Qd2 Nf5 16. Nc4 Qxd5 17. Qxb4 Qe4 18. Bd2 a5 19. Nxa5 Qxb4 20. Bxb4 dxe5 21. Nc4 e4 22. Nfd2 b5 23. Nb6 Rb8 24. Nxc8 Rfxc8 25. Nxe4 Bxb2 26. Rad1 1-0

[Event "Reykjavik Open 2022"]
[Site "Reykjavik"]
[Date "2022.04.07"]
[Round "2.10"]
[White "Soham Das"]
[Black "Cornette, Matthieu"]
[Result "0-1"]
[ECO "D30"]
[WhiteElo "2330"]
[BlackElo "2571"]
[Annotator "ChessBase"]
[PlyCount "62"]
[EventDate "2022.04.06"]
[EventCountry "ISL"]
[SourceTitle "playchess.com"]
[Source "ChessBase"]
[SourceQuality "1"]
[TimeControl "40/5400+30:1800+30"]

1. d4 d5 2. c4 e6 3. Nf3 a6 4. g3 dxc4 5. Bg2 Nc6 6. Nbd2 Nxd4 7. O-O Nc6 8. Nxc4 Qxd1 9. Rxd1 f6 10. Bd2 Bd7 11. Na5 O-O-O 12. Rac1 Nge7 13. Nb3 Nd5 14. Ne1 Bd6 15. Nd3 b6 16. Bxd5 exd5 17. Bf4 Be8 18. Rc2 Ne5 19. Nxe5 Bxe5 20. Nd4 c5 21. Nf5 Bxf4 22. gxf4 Kb7 23. Rcd2 d4 24. e4 Bh5 25. Re1 Bg4 26. Ng3 c4 27. Rc1 b5 28. Kg2 Be6 29. f5 Bf7 30. f4 Rhe8 31. a3 a5 0-1

[Event "Reykjavik Open 2022"]
[Site "Reykjavik"]
[Date "2022.04.07"]
[Round "2.11"]
[White "De Wachter, Matthias"]
[Black "Steingrimsson, Hedinn"]
[Result "0-1"]
[ECO "E36"]
[WhiteElo "2322"]
[BlackElo "2535"]
[Annotator "ChessBase"]
[PlyCount "74"]
[EventDate "2022.04.06"]
[EventCountry "ISL"]
[SourceTitle "playchess.com"]
[Source "ChessBase"]
[SourceQuality "1"]
[TimeControl "40/5400+30:1800+30"]

1. d4 Nf6 2. c4 e6 3. Nc3 Bb4 4. Qc2 O-O 5. Nf3 d5 6. a3 Bxc3+ 7. Qxc3 dxc4 8. Qxc4 b6 9. Bg5 Bb7 10. Rd1 Nbd7 11. Ne5 h6 12. Nxd7 Qxd7 13. Bxf6 gxf6 14. e3 Qd6 15. f3 f5 16. Be2 Kh8 17. g3 Rg8 18. Kf2 Rg7 19. Rhg1 Rag8 20. Rc1 f6 21. Rcd1 h5 22. f4 h4 23. Bf3 Bxf3 24. Kxf3 Rh7 25. d5 e5 26. Qc6 hxg3 27. hxg3 Qf8 28. Qe6 e4+ 29. Kf2 Qg7 30. Qxf5 Rh2+ 31. Kf1 Qh6 32. d6 cxd6 33. Rxd6 Rxb2 34. Qxe4 Rc8 35. Ke1 Qh2 36. Rd8+ Rxd8 37. Rh1 Re2+ 0-1

[Event "Reykjavik Open 2022"]
[Site "Reykjavik"]
[Date "2022.04.07"]
[Round "2.12"]
[White "Berdnyk, Mariia"]
[Black "Maze, Sebastien"]
[Result "0-1"]
[ECO "E94"]
[WhiteElo "2287"]
[BlackElo "2527"]
[Annotator "RC"]
[PlyCount "46"]
[EventDate "2022.04.06"]
[EventCountry "ISL"]
[SourceTitle "playchess.com"]
[Source "ChessBase"]
[SourceQuality "1"]
[TimeControl "40/5400+30:1800+30"]

1. d4 d6 2. Nf3 Nf6 3. c4 g6 4. Nc3 Bg7 5. e4 O-O 6. Be2 Na6 7. O-O e5 8. Be3 c6 9. Re1 Qe8 10. h3 Nd7 11. Qd2 f5 12. exf5 gxf5 13. dxe5 dxe5 14. Bh6 Qg6 15. Bxg7 Qxg7 16. Rad1 e4 17. Nd4 Ne5 18. Qe3 f4 19. Qxe4 Nc5 20. Qc2 Bxh3 21. g3 fxg3 22. f3 Rad8 23. Ne4 Ned3 0-1

[Event "Reykjavik Open 2022"]
[Site "Reykjavik"]
[Date "2022.04.07"]
[Round "2.13"]
[White "Mannion, Stephen R"]
[Black "Peng, Li Min"]
[Result "1/2-1/2"]
[ECO "B06"]
[WhiteElo "2281"]
[BlackElo "2498"]
[Annotator "RC"]
[PlyCount "229"]
[EventDate "2022.04.06"]
[EventCountry "ISL"]
[SourceTitle "playchess.com"]
[Source "ChessBase"]
[SourceQuality "1"]
[TimeControl "40/5400+30:1800+30"]

1. e4 g6 2. d4 Bg7 3. Nc3 d6 4. f4 a6 5. Nf3 b5 6. Bd3 Nd7 7. e5 c5 8. Be4 Rb8 9. Be3 b4 10. Ne2 Qc7 11. c3 bxc3 12. bxc3 Nh6 13. O-O O-O 14. Rb1 Nb6 15. dxc5 dxc5 16. Kh1 Be6 17. Qc2 Nc4 18. Bc1 Rxb1 19. Qxb1 Rb8 20. Qc2 Ng4 21. Qa4 Bd7 22. Qxc4 Bb5 23. Qd5 Bxe2 24. Re1 e6 25. Qd2 Nf2+ 26. Kg1 Nxe4 27. Qxe2 Nxc3 28. Qxa6 c4 29. Nd2 Rc8 30. Ba3 Nd5 31. Bd6 Qc6 32. Qxc6 Rxc6 33. g3 c3 34. Nb3 Bf8 35. Bxf8 Kxf8 36. Kf2 Nb4 37. Nc1 h6 38. Re4 Nd5 39. Ke1 Rb6 40. Nb3 Nb4 41. Nc1 Nc2+ 42. Kd1 Nb4 43. Rc4 Nd5 44. Rc8+ Kg7 45. Nb3 Ra6 46. Nc1 Ra4 47. Ke2 Re4+ 48. Kd3 Re1 49. Ne2 Rd1+ 50. Ke4 Re1 51. Kd3 Nb4+ 52. Kxc3 Rxe2 53. Kxb4 Rxa2 54. h4 Rb2+ 55. Ka3 Rf2 56. Kb4 Rb2+ 57. Ka3 Re2 58. Kb4 g5 59. hxg5 hxg5 60. Kc3 g4 61. Kd4 Rg2 62. Rc3 Kg6 63. Ke4 Ra2 64. Rd3 Rb2 65. Re3 Rb4+ 66. Kd3 Kf5 67. Ke2 Rb2+ 68. Kd3 Ra2 69. Kc3 Rf2 70. Kd3 Rg2 71. Kd4 Rd2+ 72. Rd3 Rc2 73. Re3 Rc7 74. Kd3 Rd7+ 75. Ke2 Rd4 76. Ke1 Kg6 77. Ke2 Ra4 78. Kd3 Ra2 79. Ke4 Kg7 80. Rd3 Kf8 81. Ke3 Ke7 82. Rd2 Ra1 83. Rd3 Rh1 84. Ke4 Rg1 85. Rc3 Kd7 86. Kd4 Rg2 87. Ke4 Rf2 88. Kd4 Rf1 89. Ke4 Re1+ 90. Kd4 Ke7 91. Re3 Rg1 92. Rc3 f5 93. exf6+ Kxf6 94. Re3 Ra1 95. Kd3 Ra2 96. Ke4 Ra4+ 97. Kd3 Ra2 98. Ke4 Rd2 99. Rd3 Rg2 100. Re3 Rg1 101. Kd3 Rg2 102. Ke4 Rf2 103. Ra3 Rf1 104. Rb3 Re1+ 105. Re3 Ra1 106. Kd3 Ra2 107. Ke4 Kf7 108. Rd3 Ke7 109. Ke5 Re2+ 110. Kd4 Kd6 111. Re3 Ra2 112. Rc3 Rf2 113. Ke4 Re2+ 114. Kd4 Rg2 115. Ke4 1/2-1/2

[Event "Reykjavik Open 2022"]
[Site "Reykjavik"]
[Date "2022.04.07"]
[Round "2.14"]
[White "Libiszewski, Fabien"]
[Black "Minko, Dmitry"]
[Result "1/2-1/2"]
[ECO "C54"]
[WhiteElo "2505"]
[BlackElo "2298"]
[Annotator "RC"]
[PlyCount "37"]
[EventDate "2022.04.06"]
[EventCountry "ISL"]
[SourceTitle "playchess.com"]
[Source "ChessBase"]
[SourceQuality "1"]
[TimeControl "40/5400+30:1800+30"]

1. e4 e5 2. Nf3 Nc6 3. Bc4 Bc5 4. c3 Nf6 5. d3 a6 6. O-O d6 7. a4 h6 8. Nbd2 Ba7 9. Re1 O-O 10. b4 Ne7 11. d4 exd4 12. Nxd4 Ng6 13. Bf1 Re8 14. Bb2 d5 15. exd5 Bxd4 16. cxd4 Nxd5 17. b5 axb5 18. axb5 Rxa1 19. Qxa1 1/2-1/2

[Event "Reykjavik Open 2022"]
[Site "Reykjavik"]
[Date "2022.04.07"]
[Round "2.15"]
[White "Sowray, Peter J"]
[Black "Stefansson, Vignir Vatnar"]
[Result "1/2-1/2"]
[ECO "D35"]
[WhiteElo "2226"]
[BlackElo "2484"]
[Annotator "ChessBase"]
[PlyCount "118"]
[EventDate "2022.04.06"]
[EventCountry "ISL"]
[SourceTitle "playchess.com"]
[Source "ChessBase"]
[SourceQuality "1"]
[TimeControl "40/5400+30:1800+30"]

1. d4 Nf6 2. c4 e6 3. Nc3 d5 4. cxd5 exd5 5. Bg5 c6 6. Qc2 Bd6 7. e3 O-O 8. Bd3 h6 9. Bh4 Re8 10. Nf3 Be6 11. O-O Nbd7 12. Rab1 a5 13. a3 Qb8 14. Bg3 Bxg3 15. hxg3 Qd6 16. Rfc1 Nb6 17. Na4 Nxa4 18. Qxa4 Ne4 19. Qc2 a4 20. Ne5 f6 21. Ng6 Bf7 22. Nf4 Qe7 23. Ne2 Bg6 24. Nc3 Nxc3 25. Qxc3 Bxd3 26. Qxd3 Ra5 27. b4 axb3 28. Qxb3 Ra7 29. a4 Rea8 30. a5 Qe6 31. Qb6 Qf5 32. Qc7 Qc8 33. Qe7 b6 34. Qd6 bxa5 35. Rxc6 Qf5 36. Rb8+ Kh7 37. Qf8 Qb1+ 38. Rxb1 Rxf8 39. Rb3 a4 40. Ra3 Rb8 41. Rc5 Rb1+ 42. Kh2 Rf1 43. Rc2 h5 44. g4 h4 45. g3 g5 46. gxh4 gxh4 47. Kg2 Rb1 48. Rca2 Rg7 49. Ra1 Rxg4+ 50. Kh3 Rxa1 51. Rxa1 Re4 52. Rxa4 f5 53. Ra5 f4 54. Rxd5 fxe3 55. fxe3 Kg6 56. Re5 Rxe5 57. dxe5 Kf5 58. Kxh4 Kxe5 59. e4 Kxe4 1/2-1/2

[Event "Reykjavik Open 2022"]
[Site "Reykjavik"]
[Date "2022.04.07"]
[Round "2.16"]
[White "Beerdsen, Thomas"]
[Black "Large, Peter G"]
[Result "1-0"]
[ECO "C16"]
[WhiteElo "2508"]
[BlackElo "2335"]
[Annotator "ChessBase"]
[PlyCount "73"]
[EventDate "2022.04.06"]
[EventCountry "ISL"]
[SourceTitle "playchess.com"]
[Source "ChessBase"]
[SourceQuality "1"]
[TimeControl "40/5400+30:1800+30"]

1. e4 e6 2. d4 d5 3. Nc3 Bb4 4. e5 Ne7 5. a3 Bxc3+ 6. bxc3 b6 7. Qg4 Ng6 8. h4 h5 9. Qg3 Ba6 10. Bxa6 Nxa6 11. Bg5 Qd7 12. Ne2 Nb8 13. Qf3 Qa4 14. Ng3 Nd7 15. Nxh5 Rh7 16. Ng3 f6 17. exf6 gxf6 18. Qd3 Ngf8 19. Be3 c5 20. h5 Rc8 21. O-O cxd4 22. Bxd4 Qc4 23. Qd2 Kf7 24. f4 f5 25. Qe3 Nc5 26. Rae1 Ne4 27. Nxe4 dxe4 28. Qh3 Nd7 29. Re3 Rch8 30. Bxh8 Rxh8 31. Rg3 Nf6 32. h6 Ng4 33. Qh5+ Kf8 34. Rxg4 fxg4 35. Rd1 Qe2 36. Rd8+ Ke7 37. Qg5+ 1-0

[Event "Reykjavik Open 2022"]
[Site "Reykjavik"]
[Date "2022.04.07"]
[Round "2.17"]
[White "Zysko, Jan"]
[Black "Laurent-Paoli, Pierre"]
[Result "1/2-1/2"]
[ECO "B17"]
[WhiteElo "2108"]
[BlackElo "2483"]
[Annotator "RC"]
[PlyCount "103"]
[EventDate "2022.04.06"]
[EventCountry "ISL"]
[SourceTitle "playchess.com"]
[Source "ChessBase"]
[SourceQuality "1"]
[TimeControl "40/5400+30:1800+30"]

1. e4 c6 2. d4 d5 3. Nd2 dxe4 4. Nxe4 Nd7 5. c3 Ngf6 6. Nxf6+ Nxf6 7. Bd3 Qd5 8. Qf3 Bg4 9. Qxd5 Nxd5 10. Ne2 O-O-O 11. h3 Bh5 12. Nf4 Nxf4 13. Bxf4 e6 14. Be2 Bg6 15. O-O-O Be4 16. f3 Bg6 17. Bd3 Bxd3 18. Rxd3 h5 19. Kc2 h4 20. Re1 Rh5 21. Re5 Rd5 22. Rxh5 Rxh5 23. Re3 Rf5 24. Re4 Be7 25. Bd2 Bf6 26. a4 Kd7 27. Be1 Rh5 28. Kd3 Be7 29. Re5 f5 30. Re2 Rh8 31. Bd2 g5 32. c4 Rg8 33. Be1 Bf6 34. b4 a6 35. Bf2 Rd8 36. c5 Ke7 37. Kc4 Kf7 38. Rd2 Rd5 39. Re2 e5 40. dxe5 Bxe5 41. Be3 Bf6 42. Rd2 f4 43. Bd4 Ke6 44. Rd3 Bxd4 45. Rxd4 Re5 46. Rd6+ Kf5 47. Rd7 Re2 48. Rxb7 Rxg2 49. Rf7+ Ke5 50. Re7+ Kf5 51. Rf7+ Ke5 52. Re7+ 1/2-1/2

[Event "Reykjavik Open 2022"]
[Site "Reykjavik"]
[Date "2022.04.07"]
[Round "2.18"]
[White "Jarmula, Lukasz"]
[Black "Burlacu, Bogdan"]
[Result "1-0"]
[ECO "E94"]
[WhiteElo "2434"]
[BlackElo "2294"]
[Annotator "RC"]
[PlyCount "87"]
[EventDate "2022.04.06"]
[EventCountry "ISL"]
[SourceTitle "playchess.com"]
[Source "ChessBase"]
[SourceQuality "1"]
[TimeControl "40/5400+30:1800+30"]

1. Nf3 Nf6 2. c4 g6 3. Nc3 Bg7 4. e4 d6 5. d4 O-O 6. Be2 c6 7. O-O Nbd7 8. Be3 e5 9. d5 c5 10. Ne1 Ne8 11. g4 f5 12. exf5 gxf5 13. gxf5 Nb6 14. Nf3 h6 15. Kh1 Bxf5 16. Rg1 Kh8 17. Qd2 Qf6 18. Rg3 e4 19. Ne1 Nd7 20. Ng2 Ne5 21. Nf4 Nf3 22. Bxf3 exf3 23. Rag1 Rf7 24. Rxf3 Qh4 25. Rh3 Qf6 26. Rhg3 Kh7 27. Nh5 Qh4 28. Nf4 Be5 29. f3 Rg7 30. Nce2 Rc8 31. Nc1 Rcc7 32. Ncd3 Rxg3 33. Rxg3 Rg7 34. Bf2 Rxg3 35. Bxg3 Qg5 36. Qe3 Bxf4 37. Bxf4 Qg6 38. Nf2 Ng7 39. Qe7 Bb1 40. Bxd6 Bxa2 41. Be5 Bxc4 42. Ne4 Bxd5 43. Nf6+ Kh8 44. Qf8+ 1-0

[Event "Reykjavik Open 2022"]
[Site "Reykjavik"]
[Date "2022.04.07"]
[Round "2.19"]
[White "Dougherty, Michael"]
[Black "Larkin, Vladyslav"]
[Result "0-1"]
[ECO "A37"]
[WhiteElo "2066"]
[BlackElo "2399"]
[Annotator "ChessBase"]
[PlyCount "90"]
[EventDate "2022.04.06"]
[EventCountry "ISL"]
[SourceTitle "playchess.com"]
[Source "ChessBase"]
[SourceQuality "1"]
[TimeControl "40/5400+30:1800+30"]

1. Nf3 c5 2. c4 g6 3. g3 Bg7 4. Bg2 Nc6 5. Nc3 Nh6 6. h4 d6 7. h5 Bg4 8. d3 Qd7 9. Bxh6 Bxh6 10. hxg6 hxg6 11. Qc1 Bh5 12. Qd1 O-O-O 13. Nd5 Bg7 14. Rb1 Bxf3 15. Bxf3 Nd4 16. e3 Nxf3+ 17. Qxf3 Rxh1+ 18. Qxh1 e6 19. Nc3 d5 20. cxd5 exd5 21. Rc1 Kb8 22. Qh4 d4 23. Nb5 a6 24. Qf4+ Ka8 25. Nc7+ Ka7 26. Rxc5 dxe3 27. Rd5 Qe7 28. Qxe3+ Qxe3+ 29. fxe3 Rc8 30. Rd7 Be5 31. Nd5 Rc2 32. g4 Rxb2 33. a4 Ra2 34. Rxf7 Bg3+ 35. Kd1 Rxa4 36. d4 a5 37. Kc2 Rc4+ 38. Kd3 Rc1 39. Nc3 Be1 40. Nb5+ Ka6 41. Nd6 a4 42. Nxb7 a3 43. Nc5+ Rxc5 44. dxc5 a2 45. Rf8 Ka7 0-1

[Event "Reykjavik Open 2022"]
[Site "Reykjavik"]
[Date "2022.04.07"]
[Round "2.20"]
[White "George Samir, David"]
[Black "Thorfinnsson, Bragi"]
[Result "1/2-1/2"]
[ECO "B32"]
[WhiteElo "2032"]
[BlackElo "2419"]
[Annotator "ChessBase"]
[PlyCount "84"]
[EventDate "2022.04.06"]
[EventCountry "ISL"]
[SourceTitle "playchess.com"]
[Source "ChessBase"]
[SourceQuality "1"]
[TimeControl "40/5400+30:1800+30"]

1. e4 c5 2. Nf3 Nc6 3. d4 cxd4 4. Nxd4 e5 5. Nb5 d6 6. N1c3 a6 7. Na3 b5 8. Nd5 Be6 9. c4 b4 10. Nc2 Rb8 11. h4 Be7 12. g3 Nf6 13. Bg2 Nd7 14. b3 Nc5 15. O-O O-O 16. Be3 Qd7 17. Kh2 a5 18. Qe1 Bd8 19. f4 exf4 20. gxf4 a4 21. Bxc5 dxc5 22. Rd1 Qc8 23. f5 Bxd5 24. exd5 Na5 25. Qg3 Bf6 26. Ne3 Qd8 27. h5 Bh4 28. Qh3 axb3 29. axb3 Nxb3 30. h6 Qd6+ 31. Kh1 Qxh6 32. Ng4 Qg5 33. Nh2 Bg3 34. Ng4 Bd6 35. f6 g6 36. Nf2 Qh5 37. Qxh5 gxh5 38. Ne4 Be5 39. Rb1 Na5 40. Nxc5 Nxc4 41. Nd7 b3 42. Be4 Bd4 1/2-1/2

[Event "Reykjavik Open 2022"]
[Site "Reykjavik"]
[Date "2022.04.07"]
[Round "2.21"]
[White "Hjartarson, Johann"]
[Black "De Coninck, Rafael"]
[Result "1-0"]
[ECO "A11"]
[WhiteElo "2470"]
[BlackElo "2119"]
[Annotator "RC"]
[PlyCount "37"]
[EventDate "2022.04.06"]
[EventCountry "ISL"]
[SourceTitle "playchess.com"]
[Source "ChessBase"]
[SourceQuality "1"]
[TimeControl "40/5400+30:1800+30"]

1. Nf3 Nf6 2. g3 d5 3. Bg2 c6 4. O-O h6 5. d3 Bf5 6. c4 e6 7. Qb3 Qb6 8. Be3 Qxb3 9. axb3 Na6 10. Nc3 Bh7 11. Ne5 Nc5 12. b4 Ncd7 13. Nxd7 Nxd7 14. b5 Bc5 15. Bxc5 Nxc5 16. b4 Nxd3 17. bxc6 bxc6 18. cxd5 Nxb4 19. dxc6 1-0

[Event "Reykjavik Open 2022"]
[Site "Reykjavik"]
[Date "2022.04.07"]
[Round "2.22"]
[White "Garbuz, Vitaliy"]
[Black "Andersen, Mads"]
[Result "0-1"]
[ECO "C47"]
[WhiteElo "2122"]
[BlackElo "2570"]
[Annotator "ChessBase"]
[PlyCount "76"]
[EventDate "2022.04.06"]
[EventCountry "ISL"]
[SourceTitle "playchess.com"]
[Source "ChessBase"]
[SourceQuality "1"]
[TimeControl "40/5400+30:1800+30"]

1. e4 e5 2. Nf3 Nc6 3. Nc3 Nf6 4. d4 exd4 5. Nd5 Nb4 6. Bc4 Nbxd5 7. exd5 Bb4+ 8. Kf1 Bc5 9. Qe1+ Qe7 10. Bg5 O-O 11. Qxe7 Bxe7 12. Re1 Bb4 13. Re2 b5 14. Bxb5 Nxd5 15. Nxd4 h6 16. Bc1 Rb8 17. Bd3 Bc5 18. Nb3 Bd6 19. Bd2 Nb4 20. Bxb4 Rxb4 21. f3 c5 22. Re4 Bb7 23. Rxb4 cxb4 24. Kf2 Be5 25. Na5 Ba8 26. Re1 Bxb2 27. Re7 Rd8 28. Bb5 Bd5 29. Rxd7 Rxd7 30. Bxd7 Bd4+ 31. Ke2 Bb6 32. Nb3 Bc4+ 33. Ke1 Kf8 34. Bf5 a5 35. Bd3 Be6 36. Bb5 Ke7 37. Ke2 Kd6 38. g4 Ke5 0-1

[Event "Reykjavik Open 2022"]
[Site "Reykjavik"]
[Date "2022.04.07"]
[Round "2.23"]
[White "Williams, Simon K"]
[Black "Mai, Alexander Oliver"]
[Result "1-0"]
[ECO "D00"]
[WhiteElo "2464"]
[BlackElo "2207"]
[Annotator "RC"]
[PlyCount "143"]
[EventDate "2022.04.06"]
[EventCountry "ISL"]
[SourceTitle "playchess.com"]
[Source "ChessBase"]
[SourceQuality "1"]
[TimeControl "40/5400+30:1800+30"]

1. d4 Nf6 2. Bg5 d5 3. Bxf6 exf6 4. e3 c6 5. Nd2 Be6 6. Bd3 Nd7 7. Ne2 f5 8. c4 dxc4 9. Bxc4 Bxc4 10. Nxc4 Nb6 11. Qb3 Nxc4 12. Qxc4 Qd7 13. O-O Bd6 14. Rab1 a5 15. Rfd1 Rd8 16. Nc3 O-O 17. d5 Qc7 18. g3 cxd5 19. Qxc7 Bxc7 20. Nxd5 Bd6 21. Rd3 Kh8 22. Rbd1 Be5 23. b3 Rd6 24. a4 g6 25. Kg2 Rc8 26. h3 h5 27. f4 Bg7 28. Kf3 Bf8 29. g4 hxg4+ 30. hxg4 fxg4+ 31. Kxg4 f5+ 32. Kf3 Rcd8 33. Ke2 Kg7 34. Nc7 Kf7 35. Nb5 Rxd3 36. Rxd3 Rxd3 37. Kxd3 Bc5 38. Nd4 b6 39. Nf3 Bd6 40. Kc4 Ke6 41. Nd4+ Kf6 42. Nf3 Bc5 43. Kd3 Bd6 44. Ng5 Ba3 45. Nf3 Bd6 46. Nd2 g5 47. fxg5+ Kxg5 48. e4 f4 49. Nf3+ Kg4 50. e5 Bc5 51. Ke4 Kg3 52. e6 Kg4 53. Ne5+ Kg3 54. Ng6 f3 55. e7 f2 56. e8=Q f1=Q 57. Qe5+ Kf2 58. Qf6+ Ke1 59. Qc3+ Kd1 60. Qa1+ Ke2 61. Nf4+ Kf2 62. Nd3+ Kg2 63. Qxf1+ Kxf1 64. Nxc5 bxc5 65. Kd5 Ke2 66. Kxc5 Kd3 67. b4 axb4 68. Kxb4 Kd4 69. a5 Kd5 70. Kb5 Kd6 71. Kb6 Kd7 72. Kb7 1-0

[Event "Reykjavik Open 2022"]
[Site "Reykjavik"]
[Date "2022.04.07"]
[Round "2.24"]
[White "Kracht, Raphael"]
[Black "Clarke, Brandon G I"]
[Result "0-1"]
[ECO "B21"]
[WhiteElo "2119"]
[BlackElo "2430"]
[Annotator "RC"]
[PlyCount "82"]
[EventDate "2022.04.06"]
[EventCountry "ISL"]
[SourceTitle "playchess.com"]
[Source "ChessBase"]
[SourceQuality "1"]
[TimeControl "40/5400+30:1800+30"]

1. e4 c5 2. d4 cxd4 3. c3 dxc3 4. Nxc3 Nc6 5. Nf3 e6 6. Bc4 Bb4 7. O-O Nge7 8. Qc2 Ng6 9. Rd1 O-O 10. Be3 b6 11. a3 Bxc3 12. bxc3 Qc7 13. a4 Bb7 14. Bb5 d5 15. Bxc6 Bxc6 16. exd5 Bxd5 17. Nd4 Rfc8 18. Nb5 Qc6 19. f3 a6 20. Na3 b5 21. axb5 axb5 22. Rdc1 Ra4 23. Qb2 Bxf3 24. Qxb5 Bxg2 25. c4 Qf3 26. Qg5 f6 27. Qg3 Ne5 28. Qxf3 Bxf3 29. c5 Bd5 30. h3 g5 31. Nb5 Rh4 32. Nd6 Rb8 33. Rcb1 Rxb1+ 34. Rxb1 Rxh3 35. Rb8+ Kg7 36. Bd2 Nf3+ 37. Kg2 Rh2+ 38. Kg3 Rxd2 39. Ne8+ Kg6 40. Nd6 Ng1 41. Rg8+ Kh5 0-1

[Event "Reykjavik Open 2022"]
[Site "Reykjavik"]
[Date "2022.04.07"]
[Round "2.25"]
[White "Romanishin, Oleg M"]
[Black "Marie, Maxime"]
[Result "0-1"]
[ECO "A46"]
[WhiteElo "2415"]
[BlackElo "2175"]
[Annotator "RC"]
[PlyCount "63"]
[EventDate "2022.04.06"]
[EventCountry "ISL"]
[SourceTitle "playchess.com"]
[Source "ChessBase"]
[SourceQuality "1"]
[TimeControl "40/5400+30:1800+30"]

1. d4 Nf6 2. Nf3 e6 3. g3 b5 4. Bg5 Bb7 5. Bg2 c5 6. Bxf6 Qxf6 7. c3 g5 8. O-O h5 9. Nbd2 h4 10. e4 cxd4 11. cxd4 Bb4 12. Rc1 hxg3 13. fxg3 g4 14. Ne5 Qh6 15. Nxg4 Qxd2 16. Qxd2 Bxd2 17. Rc7 Ba6 18. d5 Ba5 19. Rcc1 b4 20. Rf3 d6 21. e5 Nd7 22. exd6 O-O 23. Nh6+ Kg7 24. Rxf7+ Rxf7 25. Nxf7 Bb6+ 26. Kh1 exd5 27. Bxd5 Rf8 28. Ng5 Rf5 29. Ne6+ Kf6 30. Nc7 Rf1+ 31. Rxf1+ Bxf1 32. Bc6 0-1

[Event "Reykjavik Open 2022"]
[Site "Reykjavik"]
[Date "2022.04.07"]
[Round "2.26"]
[White "Mai, Aron Thor"]
[Black "Baskin, Robert"]
[Result "1/2-1/2"]
[ECO "B11"]
[WhiteElo "2081"]
[BlackElo "2383"]
[Annotator "RC"]
[PlyCount "110"]
[EventDate "2022.04.06"]
[EventCountry "ISL"]
[SourceTitle "playchess.com"]
[Source "ChessBase"]
[SourceQuality "1"]
[TimeControl "40/5400+30:1800+30"]

1. e4 c6 2. Nc3 d5 3. Nf3 dxe4 4. Nxe4 Nf6 5. Nxf6+ exf6 6. Bc4 Bd6 7. Qe2+ Be7 8. O-O O-O 9. h3 Nd7 10. d4 Bd6 11. Re1 Qc7 12. c3 Rd8 13. Bb3 Nf8 14. Nd2 Be6 15. Ne4 Re8 16. Nxd6 Qxd6 17. Be3 Ng6 18. Bc2 Qd5 19. Bb3 Qd7 20. Bc2 Bf5 21. Bxf5 Qxf5 22. Qg4 Qd5 23. Kh2 h5 24. Qf3 Qxf3 25. gxf3 f5 26. f4 Re6 27. Kg3 Rae8 28. Rad1 Re4 29. Bd2 b5 30. a4 bxa4 31. Rxe4 fxe4 32. Ra1 Ne7 33. Rxa4 Nf5+ 34. Kg2 Nh4+ 35. Kf1 Nf3 36. Bc1 Re6 37. f5 Rf6 38. Rxa7 Rxf5 39. Re7 Ra5 40. Re8+ Kh7 41. Rxe4 Ra1 42. Kg2 f5 43. Re6 Nxd4 44. cxd4 Rxc1 45. h4 Rc4 46. Kg3 Rxd4 47. Rxc6 Rg4+ 48. Kh3 Rb4 49. Rc5 Kg6 50. Rc6+ Kf7 51. Rc7+ Kf6 52. Rc2 Ke5 53. Kg3 Rb3+ 54. Kg2 Rb4 55. Kg3 Rb3+ 1/2-1/2